 Dungeon Crawl Stone Soup version 0.17-a0-1880-gacf7e67 (webtiles) character file.

7753 dpvblackbelt the Unseen (level 11, 0/72 HPs)
             Began as an Octopode Assassin on Sept 22, 2015.
             Was a Believer of Dithmenos.
             Slain by a tengu warrior
             ... wielding a +0 long sword
              (3 damage)
             ... on level 11 of the Dungeon.
             The game lasted 00:46:07 (11462 turns).

dpvblackbelt the Unseen (Octopode Assassin)        Turns: 11462, Time: 00:46:10

Health: 0/72       AC:  1    Str:  9    XL:     11   Next: 20%
Magic:  13/13      EV: 14    Int: 12    God:    Dithmenos [**....]
Gold:   248        SH:  4    Dex: 16    Spells: 1 memorised, 9 levels left

rFire  . . .     SeeInvis .     b - +0 blowgun
rCold  + . .     Clarity  +     i - +1 buckler
rNeg   . . .     SustAt   .     (helmet restricted)
rPois  .         Gourm    .     (no amulet)
rElec  .         Spirit   .     u - ring of protection from cold
rCorr  .         Warding  .     w - ring of wizardry
rMut   .         Stasis   .     (no ring)
MR     .....                    (no ring)
Stlth  ++++++++++               (no ring)
                                (no ring)
                                (no ring)
                                (no ring)

@: about to teleport, wreathed by umbra, drained, not resistant to hostile
enchantments, uncannily stealthy
A: almost no armour, amphibious, 8 rings, constrict 8, camouflage 1, berserk 1,
clarity, dopey 1, mutation resistance 1, weak 1, gelatinous body 1
a: Shadow Step, Renounce Religion


You were on level 11 of the Dungeon.
You worshipped Dithmenos.
Dithmenos was pleased with you.
You were very hungry.

You visited 1 branch of the dungeon, and saw 12 of its levels.

You collected 712 gold pieces.
You spent 464 gold pieces at shops.

Inventory:

Hand weapons
 a - a +1 dagger of venom
 b - a +0 blowgun (weapon)
 k - a +2 short sword of distortion
 G - a +2 dagger of speed
Missiles
 c - 39 poisoned needles
 d - a curare-tipped needle (quivered)
Armour
 i - a +1 buckler (worn)
Jewellery
 q - an uncursed ring of poison resistance {unknown}
 u - a ring of protection from cold (left tentacle)
 w - a ring of wizardry (right tentacle)
 P - an uncursed amulet of guardian spirit {unknown}
Magical devices
 s - a wand of polymorph (10)
 B - a wand of paralysis (0)
 C - a wand of polymorph (19)
 D - a wand of disintegration (9)
 H - a wand of draining (11)
 J - a wand of magic darts (29)
 L - a wand of confusion (12)
 M - a wand of cold (1)
 N - a wand of cold (6)
 Q - a wand of frost (32)
 R - a wand of draining (9)
Scrolls
 g - 2 scrolls of teleportation
 h - 7 scrolls of remove curse
 j - 4 scrolls of identify
 m - 2 scrolls of amnesia
 o - 5 scrolls of recharging
 t - a scroll of immolation
 y - 2 scrolls of fear
 z - a scroll of magic mapping {unknown}
 O - 2 scrolls of blinking {unknown}
Potions
 e - a potion of invisibility
 f - 2 potions of curing
 l - 4 potions of lignification
 n - a potion of haste
 r - a potion of brilliance {unknown}
 v - 4 potions of might
 x - a potion of cancellation
 A - 2 potions of berserk rage
 K - 2 potions of ambrosia
Books
 I - a book of Cantrips

   Spells                             Type                      Level
   a - Corona                         Hexes                        1
   b - Animate Skeleton               Necromancy                   1
   c - Summon Small Mammal            Summoning                    1
   d - Apportation                    Translocation                1
Comestibles
 p - 5 bread rations
 E - 23 fruits
 F - a meat ration


   Skills:
 * Level 5.5(5.1) Fighting
 - Level 10.1(9.7) Short Blades
 - Level 2.0(1.6) Throwing
 * Level 5.3(4.9) Dodging
 - Level 15.6(15.1) Stealth
 - Level 3.3(2.9) Invocations


You had 9 spell levels left.
You knew the following spells:

 Your Spells              Type           Power        Failure   Level  Hunger
a - Apportation           Tloc           #.........   28%         1    ##.....


Dungeon Overview and Level Annotations

Branches:
Dungeon (12/15)            Temple (0/1) D:7             Orc (0/4) D:10
   Lair: D:8-11

Altars:
Ashenzari
Dithmenos
Fedhas
Gozag
Kikubaaqudgha
Makhleb
Qazlal
Sif Muna
Trog
Yredelemnul
The Shining One

Shops:
D:4 =   D:6 *   D:11 (*

Annotations:
D:3 Goresteps's ghost, weakling DgTm
D:9 BEES, 1 exclusion


Innate Abilities, Weirdness & Mutations

You cannot wear most types of armour.
You are amphibious.
You can wear up to eight rings at the same time.
You can use your tentacles to constrict eight enemies at once.
Your skin changes colour to match your surroundings (Stealth).
Your rubbery body absorbs attacks (AC +1).
You tend to lose your temper in combat.
You possess an exceptional clarity of mind.
You are dopey. (Int -2)
You are somewhat resistant to further mutation.
You are weak. (Str -2)


Message History

The centaur shouts!
The curare-tipped needle hits the tengu warrior.
The tengu warrior looks even sicker.
The tengu warrior convulses.
The tengu warrior seems to be slow for longer.
The tengu warrior is moderately wounded.
The tengu warrior hits you with a long sword.
The tengu warrior pecks you! You block the tengu warrior's attack.
The centaur wields a shortbow.
The centaur shoots an arrow.
The arrow hits you!
Drink which item? (? for menu, Esc to quit)
You feel better.
The centaur shoots an arrow.
The arrow hits you!
* * * LOW HITPOINT WARNING * * *
Read which item? (? for menu, Esc to quit)
As you read the scroll of teleportation, it crumbles to dust.
You feel strangely unstable.
The tengu warrior hits you with a long sword!
* * * LOW HITPOINT WARNING * * *
The tengu warrior pecks you.
* * * LOW HITPOINT WARNING * * *
The tengu warrior claws you.
You die...

#.......#.#.................#####
.######.#.#...........#...#.# #
## ###...........#...#.# # .#
....%.......#...#.# # ##
#####........#...#.# # .#
#...'........#...#.# + ###
...#..<.#####...#.##### ..#
#....#.......#.....( #.#####
##.@.#.......####### ......# PP
#$.Q#............ ......#..P
#...#............ ......#..P
#...#.......###.. .....#..PP
#...#.......# # ........PP
#...#.......# ........(P
#..c#####...## .....#.P.P #....
#....# .....#.... #....#


You could see a tengu warrior and a centaur.

Vanquished Creatures
  Nessos (D:12)
  A manticore (D:12)
  Maurice (D:9)
  A gargoyle (D:11)
  Grinder (D:5)
  A troll (D:9)
  A wyvern (D:8)
  Sigmund (D:6)
  A vampire (D:12)
  2 hippogriffs
  A deep elf mage (D:11)
  A basilisk (D:11)
  A hungry ghost (D:8)
  Edmund (D:4)
  3 orc warriors
  A water moccasin (D:12)
  A sky beast (D:8)
  An eye of draining (D:11)
  A phantom (D:4)
  A necrophage (D:10)
  5 centaurs
  An ice beast (D:8)
  4 ogres
  A gnoll sergeant (D:9)
  A big kobold (D:8)
  10 giant frogs
  A wyvern skeleton (D:11)
  A scorpion (D:4)
  9 crimson imps
  An electric eel (D:6)
  A vampire bat (D:8)
  7 wights
  A centaur skeleton (D:7)
  A giant frog zombie (D:7)
  A hound (D:10)
  2 giant frog skeletons
  2 quasits
  A centaur zombie (D:8)
  2 iguanas
  3 orc priests
  Jessica (D:6)
  6 worker ants
  3 orc wizards
  2 hound zombies
  10 adders
  10 gnolls
  2 shadow imps
  An ooze (D:1)
  2 adder skeletons
  2 worms
  39 orcs
  9 bats
  2 bat skeletons (D:8)
  3 bat zombies (D:8)
  2 giant cockroaches (D:5)
  2 gnoll zombies (D:4)
  13 goblins
  5 hobgoblins
  9 jackals
  9 kobolds
  A quokka (D:5)
  A ball python (D:6)
  2 giant geckos
  A giant gecko skeleton (D:4)
  6 giant newts
  A jackal skeleton (D:5)
  A quokka skeleton (D:4)
  13 rats
236 creatures vanquished.

Vanquished Creatures (others)
  A fungus (D:11)
  2 plants (D:11)
3 creatures vanquished.

Grand Total: 239 creatures vanquished

Notes
Turn   | Place    | Note
--------------------------------------------------------------
     0 | D:1      | dpvblackbelt the Octopode Assassin began the quest for the Orb.
     0 | D:1      | Reached XP level 1. HP: 14/14 MP: 1/1
   229 | D:1      | Reached skill level 6 in Stealth
   229 | D:1      | Reached XP level 2. HP: 16/19 MP: 2/2
   629 | D:1      | Reached XP level 3. HP: 21/24 MP: 3/3
   824 | D:2      | Found a stormy altar of Qazlal.
   869 | D:2      | Reached skill level 7 in Stealth
  1782 | D:2      | Reached XP level 4. HP: 27/29 MP: 4/4
  2170 | D:3      | Reached skill level 8 in Stealth
  2230 | D:3      | Found a shadowy altar of Dithmenos.
  2540 | D:4      | Reached skill level 9 in Stealth
  2540 | D:4      | Reached XP level 5. HP: 15/34 MP: 5/5
  2886 | D:4      | Found Buint's Jewellery Emporium.
  3023 | D:4      | Noticed a phantom
  3054 | D:4      | Killed a phantom
  3054 | D:4      | Reached skill level 10 in Stealth
  3054 | D:4      | Reached XP level 6. HP: 17/39 MP: 6/6
  3267 | D:4      | Found a basalt altar of Yredelemnul.
  3379 | D:4      | Noticed Edmund
  3398 | D:4      | Killed Edmund
  3608 | D:4      | Reached skill level 11 in Stealth
  4432 | D:3      | Found a glowing golden altar of the Shining One.
  4522 | D:3      | Reached XP level 7. HP: 43/45 MP: 7/7
  4750 | D:3      | Found a blossoming altar of Fedhas.
  4829 | D:3      | Found an opulent altar of Gozag.
  4833 | D:3      | Noticed Goresteps's ghost (weakling DgTm)
  5192 | D:3      | Became a worshipper of Dithmenos the Shadowed
  5242 | D:5      | Entered Level 5 of the Dungeon
  5300 | D:5      | Noticed Grinder
  5314 | D:5      | Killed Grinder
  5314 | D:5      | Reached skill level 12 in Stealth
  5624 | D:5      | Found a shattered altar of Ashenzari.
  5898 | D:5      | Found a bloodstained altar of Trog.
  6249 | D:6      | Reached skill level 13 in Stealth
  6249 | D:6      | Reached XP level 8. HP: 50/50 MP: 8/8
  6352 | D:6      | Learned a level 1 spell: Apportation
  6399 | D:6      | Found Fofiza's Assorted Antiques.
  6407 | D:6      | Bought a scroll labeled CACEAN YH REQ for 25 gold pieces
  6407 | D:6      | Bought a scroll labeled JOYLAM JYTT for 25 gold pieces
  6407 | D:6      | Bought a scroll labeled LIGAXKORIG for 25 gold pieces
  6407 | D:6      | Bought a scroll labeled JIP CURGHEDAZ for 25 gold pieces
  6407 | D:6      | Bought a scroll labeled FYPNAU VYPRE for 25 gold pieces
  6471 | D:6      | Found a stormy altar of Qazlal.
  6506 | D:6      | Noticed Sigmund
  6514 | D:6      | Killed Sigmund
  6514 | D:6      | Reached skill level 14 in Stealth
  6698 | D:6      | Noticed Jessica
  6730 | D:6      | Killed Jessica
  6951 | D:6      | Found a deep blue altar of Sif Muna.
  7416 | D:7      | Found a staircase to the Ecumenical Temple.
  7499 | D:7      | Reached skill level 15 in Stealth
  7559 | D:7      | Reached XP level 9. HP: 54/54 MP: 9/9
  8066 | D:8      | Reached skill level 5 in Short Blades
  8109 | D:8      | Found a burning altar of Makhleb.
  8291 | D:8      | Gained mutation: You are agile. (Dex +2) [mutagenic meat]
  8474 | D:8      | Lost mutation: You are agile. (Dex +2) [potion of cure mutation]
  8475 | D:8      | Gained mutation: You tend to lose your temper in combat. [potion of mutation]
  8475 | D:8      | Gained mutation: You are dopey. (Int -2) [potion of mutation]
  8475 | D:8      | Lost mutation: You are dopey. (Int -2) [potion of mutation]
  8478 | D:8      | Gained mutation: You are weak. (Str -2) [mutagenic meat]
  8479 | D:8      | Gained mutation: You are dopey. (Int -2) [mutagenic meat]
  8518 | D:8      | Found an ancient bone altar of Kikubaaqudgha.
  9050 | D:9      | Noticed Maurice
  9056 | D:9      | Killed Maurice
  9056 | D:9      | Reached XP level 10. HP: 60/60 MP: 10/10
  9081 | D:9      | Acquired Dithmenos's first power
  9779 | D:10     | Entered Level 10 of the Dungeon
  9950 | D:10     | Reached skill level 10 in Short Blades
 10098 | D:10     | Found a staircase to the Orcish Mines.
 10100 | D:10     | Noticed a hill giant
 10391 | D:11     | Reached skill level 1 in Invocations
 10524 | D:11     | Found Narph's Assorted Antiques.
 10532 | D:11     | Bought a potion of mutation for 87 gold pieces
 10532 | D:11     | Gained mutation: You possess an exceptional clarity of mind. [potion of mutation]
 10532 | D:11     | Gained mutation: You are somewhat resistant to further mutation. [potion of mutation]
 10551 | D:11     | Found a blossoming altar of Fedhas.
 10607 | D:12     | Noticed a manticore
 10614 | D:12     | Killed a manticore
 10648 | D:12     | Acquired Dithmenos's second power
 10907 | D:11     | Reached XP level 11. HP: 65/70 MP: 13/13
 10937 | D:11     | Found Ugoxong's Weapon Emporium.
 11168 | D:11     | Bought a +2 dagger of speed for 252 gold pieces
 11289 | D:12     | Noticed Nessos
 11295 | D:12     | Killed Nessos
 11295 | D:12     | Reached skill level 5 in Fighting
 11295 | D:12     | Reached skill level 5 in Dodging
 11315 | D:12     | Noticed a hill giant
 11448 | D:11     | Noticed a tengu warrior
 11462 | D:11     | HP: 3/72 [tengu warrior/long sword (4)]
 11462 | D:11     | Slain by a tengu warrior

Vault maps used:
D:1:      ncdulo_smallfort, hangedman_decor_push
D:2:      grunt_qazlal_clouds, serial_co_window_serial, co_window_paths_a,
          co_window_paths_a, co_window_corner_a, co_window_of_opportunity_a,
          co_window_paths_a, co_window_corner_a, co_window_corner_a,
          co_window_unsneaky_path_b, co_window_broadway_c, co_window_2corner,
          co_window_corner_b
D:3:      nicolae_overflow_hidden_temple, nicolae_tso_carved_into_rock
D:4:      lemuel_zombie_altar_yredelemnul, serial_shops, shop, hex_tiny,
          uniq_edmund
D:5:      ashenzari_conservatory_becter, nicolae_overflow_crystal_walls,
          first_bread, uniq_grinder
D:6:      lemuel_doored_altar, tgw_sif, serial_shops, shop, basic_altar,
          nrook_pool_corridor, grunt_nemelex_the_gamble, uniq_sigmund
D:7:      lemuel_temple_firewalk_marked, kennysheep_generic_room_2
D:8:      kennysheep_vampire_church, basic_altar, blue_anna_alchemist
D:9:      old_forge, special_room, uniq_maurice
D:10:     david_orc_3
D:11:     david_lair_shrubbed, serial_shops, nicolae_shop_overgrown_old_shop,
          kennysheep_mini_moat, st_stairs_6, minmay_misc_feat_doors,
          fedhas_altar_3
D:12:     special_room, uniq_nessos

Action                   |  1- 3 |  4- 6 |  7- 9 | 10-12 || total
-------------------------+-------+-------+-------+-------++-------
Melee: Dagger            |    70 |    95 |   196 |   171 ||   532
 Fire: Blowgun           |     4 |    23 |    14 |     6 ||    47
Invok: Shadow Step       |       |       |       |     1 ||     1
Evoke: Wand              |       |       |    10 |     4 ||    14
  Use: Potion            |       |     3 |    12 |     6 ||    21
       Scroll            |       |       |    12 |     3 ||    15
 Stab: Sleeping          |    15 |     9 |    39 |    35 ||    98
       Distracted        |     1 |       |     3 |     1 ||     5
       Invisible         |       |     1 |       |       ||     1
       Confused          |       |       |     1 |       ||     1
       Fleeing           |       |       |       |     1 ||     1
       Paralysed         |       |       |       |     1 ||     1
  Eat: Chunk             |     2 |     6 |    10 |     4 ||    22
       Bread ration      |       |     1 |     1 |       ||     2
       Fruit             |       |       |     1 |       ||     1
       Beef jerky        |       |       |       |     2 ||     2
       Pizza             |       |       |       |     1 ||     1
